 Dungeon Crawl Stone Soup version 0.29-a0-1009-g60c99734e7 (webtiles) character file.

Game seed: 1669932277156944561

2 nickcage the Caller (level 1, 0/10 HPs)
             Began as a Tengu Summoner on Aug 8, 2022.
             Slain by a quokka (2 damage)
             ... on level 1 of the Dungeon.
             The game lasted 00:00:33 (57 turns).

nickcage the Caller (Tengu Summoner)                  Turns: 57, Time: 00:00:34

Health: 0/10       AC:  2    Str:  8    XL:     1   Next: 30%
Magic:  3/4        EV: 12    Int: 15    God:
Gold:   0          SH:  0    Dex: 14    Spells: 3/4 levels left

rFire   . . .      SeeInvis .   c - +0 spear
rCold   . . .      Faith    .   (no shield)
rNeg    . . .      Spirit   .   a - +0 robe
rPois   .          Reflect  .   (helmet restricted)
rElec   .          Harm     .   (no cloak)
rCorr   .          Rampage  .   (no gloves)
Will    .....                   (boots unavailable)
Stlth   ++........              (no amulet)
HPRegen 0.03/turn               (no ring)
MPRegen 0.09/turn               (no ring)

@: no status effects
A: beak, talons 3
a: no special abilities


You were on level 1 of the Dungeon.
You visited 1 branch of the dungeon, and saw 1 of its levels.

Inventory:

Hand Weapons
 c - a +0 spear (weapon)
Armour
 a - a +0 robe (worn)
Scrolls
 d - a scroll of enchant weapon {unknown}
Potions
 b - a potion of magic


   Skills:
 - Level 2.1 Dodging
 - Level 2.0 Stealth
 + Level 2.0 Spellcasting
 + Level 4.9 Summonings


You had 3 spell levels left.
You knew the following spells:

 Your Spells              Type           Power      Damage    Failure   Level
a - Summon Small Mammal   Summ           64%        N/A       3%          1

Your spell library contained the following spells:

 Spells                   Type           Power      Damage    Failure   Level
 Call Imp                 Summ           16%        N/A       4%          2
 Call Canine Familiar     Summ           16%        N/A       9%          3
 Summon Guardian Golem    Hex/Summ       8%         N/A       24%         3
 Summon Lightning Spire   Summ/Air       8%         N/A       63%         4


Dungeon Overview and Level Annotations

Branches:
Dungeon (1/15)

Altars:


Innate Abilities, Weirdness & Mutations

You have a beak for a mouth.
You have claws for feet.


Message History

Your rat bites the rat.
You hit the rat but do no damage. You claw the rat.
You kill the rat!
No target in view!
You see here a rat corpse.
Found a scroll labelled ACREOBR QUUXT.
You see here a +0 spear.
c - a +0 spear
c - a +0 spear (weapon)
Magic restored.
A goblin comes into view. It is wielding a +0 club.
The goblin shouts!
You reach to attack!
You closely miss the goblin. You closely miss the goblin. You claw the goblin.
You kill the goblin!
d - a scroll labelled ACREOBR QUUXT You swap places.
Things that are here:
a +0 club; a goblin corpse Your rat disappears in a puff of smoke!
A quokka comes into view.
You see here 3 gold pieces.
Found a scroll labelled TUSIOM JOYSEI.
Found an escape hatch in the floor.
You see here a scroll labelled DUTEDDO JUEZXUU.
You reach to attack!
You closely miss the quokka. You closely miss the quokka.
Your kick misses the quokka. The quokka bites you.
The quokka closely misses you. The quokka closely misses you.
You closely miss the quokka. The quokka closely misses you.
You miss the quokka. Your kick misses the quokka. The quokka barely misses you.
Your quokka barely misses the quokka.
The quokka bites you.
You are too injured to fight recklessly!
You miss the quokka. Your kick misses the quokka.
Your quokka barely misses the quokka.
The quokka bites you.
* * * LOW HITPOINT WARNING * * *
Your quokka bites the quokka.
You closely miss the quokka.
The quokka is severely wounded.
The quokka bites you.
You die...

............#
........?...# #
............#..
.............
....>.......
..........# ##
......rr..#...#
#@....# #.#####
#######.#
#......$##### #####
#...........# #...#
#......####.##
#...###.............
#..................#
#..................#


You could see a quokka (ally target) and a friendly quokka (summoned).

Vanquished Creatures
  A goblin (D:1)
  A rat (D:1)
2 creatures vanquished.

Notes
Turn   | Place    | Note
-------+----------+-------------------------------------------
     0 | D:1      | nickcage the Tengu Summoner began the quest for the Orb.
     0 | D:1      | Reached XP level 1. HP: 10/10 MP: 4/4
    57 | D:1      | Slain by a quokka

Illustrated notes

Levels and vault maps discovered:
D:1:      scummos_arrival_simple_fountains, layout_basic,
          hellmonk_ecumenical_altar_run_dry

Action                   || total
-------------------------++-------
Melee: Spear             ||     8
       Unarmed           ||     3
       Kick              ||     2
 Cast: Summon Small Mamm ||     2
Dodge: Dodged            ||     7

Table legend: (Time is in decaauts)
 A = Elapsed time spent in this place.
 B = Non-inter-level travel time spent in this place.
 C = Inter-level travel time spent in this place.
 D = Time resting spent in this place.
 E = Time spent auto-exploring this place.
 F = Levels seen in this place.
 G = Mean time per level.
                   A        B        C        D        E       F      G
               +--------+--------+--------+--------+--------+-----+--------+
         Total |     57 |     57 |      0 |      0 |     27 |   1 |   57.0 |
       Dungeon |     57 |     57 |      0 |      0 |     27 |   1 |   57.0 |
               +--------+--------+--------+--------+--------+-----+--------+

Top non-repeatable levels by time:
     D:1: 57 daAuts
